 Dungeon Crawl Stone Soup version 0.20.1-1-g8b1a95d (webtiles) character file.

1732 jmlagarto the Basher (level 9, 0/75 HPs)
             Began as a Hill Orc Fighter on Aug 7, 2017.
             Killed from afar by Joseph (15 damage)
             ... with a wand of lightning (?/15)
             ... on level 7 of the Dungeon on Aug 8, 2017.
             The game lasted 00:27:58 (6842 turns).

jmlagarto the Basher (Hill Orc Fighter)             Turns: 6842, Time: 00:27:59

Health: 0/75       AC: 10    Str: 27    XL:     9   Next: 5%
Magic:  9/9        EV:  8    Int:  8    God:
Gold:   309        SH: 11    Dex: 10    Spells: 8/8 levels left

rFire    . . .     SeeInvis .   j - +3 whip (drain)
rCold    . . .     Gourm    .   c - +0 shield
rNeg     . . .     Faith    .   b - +0 scale mail
rPois    .         Spirit   .   e - +0 helmet (curse)
rElec    .         Reflect  .   (no cloak)
rCorr    .         Harm     .   W - +0 pair of gloves
MR       .....                  (no boots)
Stlth    ..........             (no amulet)
Regen    0.3/turn               y - ring of wizardry
MPRegen  0.2/turn               E - ring of wizardry

@: mighty
A: no striking features
a: Convert to Beogh


You were on level 7 of the Dungeon.
You were very full.

You visited 2 branches of the dungeon, and saw 8 of its levels.

You collected 309 gold pieces.

Inventory:

Hand Weapons
 j - a +3 whip of draining (weapon)
 D - a +2 flail of holy wrath
Armour
 b - a +0 scale mail (worn)
 c - a +0 shield (worn)
 e - a cursed +0 helmet (worn)
 g - a +0 chain mail
 W - a +0 pair of gloves (worn)
Magical Staves
 C - an uncursed staff of conjuration {unknown}
Jewellery
 y - a ring of wizardry (left hand)
 E - a ring of wizardry (right hand)
Wands
 l - a wand of lightning (7/15)
 x - a wand of confusion (21/48)
 z - a wand of disintegration (7/24)
Scrolls
 a - a scroll of magic mapping {unknown}
 n - 3 scrolls of teleportation {unknown}
 o - 8 scrolls of identify {unknown}
 q - 3 scrolls of remove curse {unknown}
 s - a scroll of holy word {unknown}
 u - a scroll of silence {unknown}
 w - a scroll of noise {unknown}
 B - 2 scrolls of enchant weapon {unknown}
 M - a scroll of amnesia {unknown}
Potions
 h - a potion of berserk rage
 i - 3 potions of curing
 p - a potion of ambrosia {unknown}
 r - 2 potions of flight {unknown}
 v - a potion of resistance {unknown}
 A - 2 potions of degeneration {unknown}
 G - a potion of agility {unknown}
 H - a potion of haste {unknown}
 R - 3 potions of heal wounds {unknown}
Comestibles
 f - 2 bread rations
 k - 2 meat rations
 m - 4 fruits
 t - a royal jelly


   Skills:
 + Level 5.8 Fighting
   Level 2.8 Long Blades
 * Level 8.6 Maces & Flails
 + Level 5.7 Armour
 + Level 1.2 Dodging
 + Level 0.6 Stealth
 + Level 6.1 Shields


You had 8 spell levels left.
You didn't know any spells.

Dungeon Overview and Level Annotations

Branches:
Dungeon (7/15)             Temple (1/1) D:5

Altars:
Ashenzari
Cheibriados
Dithmenos
Elyvilon
Fedhas
Gozag
Hepliaklqana
Kikubaaqudgha
Makhleb
Nemelex Xobeh
Okawaru
Qazlal
Ru
Sif Muna
Trog
Uskayaw
Vehumet
Xom
Yredelemnul
Zin
The Shining One

Shops:
D:4 *

Annotations:
D:7 1 runed door, Joseph


Message History

Your experience leads to an increase in your attributes!
Your base attributes are Str 21, Int 8, Dex 10.
Increase (S)trength, (I)ntelligence, or (D)exterity?
You feel stronger.
The orc priest hits you from afar with a trident.
The orc hits you but does no damage.
The orc priest hits you but does no damage.
The orc priest calls down the wrath of Beogh upon you.
Pain shoots through your body!
* * * LOW HITPOINT WARNING * * *
The orc hits you with a trident.
* * * LOW HITPOINT WARNING * * *
Joseph, a Mercenary comes into view.
He is wielding a quarterstaff.
Items here: )) [ †† a flail; a plate armour; a mace; an orc corpse x2
It was a potion of curing.
You feel better.
Joseph shouts!
The orc priest threatens, "By the altar or by the axe, you will meet Beogh!"
Joseph zaps a wand.
The bolt of lightning hits you!
You die...

.. .# # ##.#### ..
#.....# .. #.....#
#.#.....#
####...{..###..
......ooo.....#
#######@#####.# #.# #.#
#######.# #.# ........#
#.# #######.#####.# #
#..........).#######.#
#.####.####..........##
###########.#
#.@........)......
............#
#######..###)######


You could see Joseph, 2 orc priests and an orc.

Vanquished Creatures
  2 ice beasts
  An orc warrior (D:7)
  A black bear (D:7)
  2 ogres (D:6)
  A big kobold (D:5)
  A bullfrog (D:6)
  A scorpion (D:4)
  3 howler monkeys (D:7)
  3 crimson imps
  An orc priest (D:7)
  A hound (D:5)
  8 orc wizards
  2 iguanas
  5 worker ants
  Natasha (thrice) (D:4)
  3 worker ant zombies
  3 gnolls (D:4)
  5 adders
  An ooze (D:3)
  2 adder zombies
  2 worms
  A dart slug (D:2)
  4 leopard geckos
  33 orcs
  7 bats
  2 giant cockroaches
  7 goblins
  14 hobgoblins
  17 kobolds
  2 quokkas
  2 ball pythons
  3 frilled lizards
  A jackal skeleton (D:4)
  A leopard gecko skeleton (D:5)
  A quokka zombie (D:6)
  9 rats
  5 withered plants (D:6)
160 creatures vanquished.

Vanquished Creatures (others)
  An adder (D:5)
1 creature vanquished.

Grand Total: 161 creatures vanquished

Notes
Turn   | Place    | Note
-------+----------+-------------------------------------------
     0 | D:1      | jmlagarto the Hill Orc Fighter began the quest for the Orb.
     0 | D:1      | Reached XP level 1. HP: 19/19 MP: 1/1
    96 | D:1      | Reached XP level 2. HP: 25/27 MP: 2/2
   899 | D:2      | Found a shimmering altar of Xom.
   917 | D:2      | Reached XP level 3. HP: 33/33 MP: 3/3
  1443 | D:3      | Reached skill level 1 in Maces & Flails
  1443 | D:3      | Reached XP level 4. HP: 40/40 MP: 4/4
  1729 | D:4      | Reached skill level 2 in Maces & Flails
  1729 | D:4      | Reached XP level 5. HP: 18/46 MP: 5/5
  1964 | D:4      | Reached skill level 3 in Maces & Flails
  2113 | D:4      | Found Caleysm's Assorted Antiques.
  2137 | D:4      | Noticed Natasha
  2143 | D:4      | Killed Natasha
  2314 | D:4      | Noticed Natasha
  2324 | D:4      | Killed Natasha
  2324 | D:4      | Reached XP level 6. HP: 41/52 MP: 6/6
  2380 | D:4      | Noticed Natasha
  2384 | D:4      | Killed Natasha
  2705 | D:4      | Reached skill level 4 in Maces & Flails
  3387 | D:5      | Entered Level 5 of the Dungeon
  3402 | D:5      | Reached XP level 7. HP: 54/60 MP: 7/7
  3459 | D:5      | Reached skill level 5 in Maces & Flails
  3978 | D:5      | Reached skill level 6 in Maces & Flails
  3978 | D:5      | Reached skill level 5 in Shields
  4033 | D:5      | Found a burning altar of Makhleb.
  4542 | D:5      | Found a staircase to the Ecumenical Temple.
  4551 | Temple   | Entered the Ecumenical Temple
  5214 | D:6      | Reached skill level 5 in Fighting
  5214 | D:6      | Reached skill level 5 in Armour
  5214 | D:6      | Reached XP level 8. HP: 54/68 MP: 8/8
  5740 | D:6      | Reached skill level 7 in Maces & Flails
  5955 | D:7      | Reached skill level 1 in Dodging
  6273 | D:7      | Found a runed door.
  6345 | D:7      | Reached skill level 8 in Maces & Flails
  6723 | D:7      | Noticed a sixfirhy
  6840 | D:7      | Reached XP level 9. HP: 28/75 MP: 9/9
  6842 | D:7      | Noticed Joseph
  6842 | D:7      | Killed from afar by Joseph

Skill      XL: |  1  2  3  4  5  6  7  8 |
---------------+-------------------------+-----
Fighting       | 4 5 |  5.8
Maces & Flails | 1 2 3 4 6 8 |  8.6
Armour         | 4 5 |  5.7
Shields        | 4 5 6 |  6.1
Dodging        | 1 |  1.2
Long Blades    | |  2.8
Stealth        | |  0.6

Action                   |  1- 3 |  4- 6 |  7- 9 || total
-------------------------+-------+-------+-------++-------
Melee: Long sword        |    52 |       |       ||    52
       Whip              |    77 |   186 |   424 ||   687
  Use: Potion            |       |     1 |     5 ||     6
       Scroll            |       |       |     1 ||     1
  Eat: Bread ration      |     1 |     1 |     3 ||     5
       Royal jelly       |     1 |       |     1 ||     2
Armor: Scale mail        |    62 |    65 |    90 ||   217
       Skin              |       |       |     3 ||     3
Dodge: Dodged            |    39 |    45 |    83 ||   167
Block: Shield            |    60 |    88 |   110 ||   258
       Rpst.: Long sword |     9 |       |       ||     9
